 Dungeon Crawl Stone Soup version 0.28.0-53-g5a82cb258f (webtiles) character file.

Game seed: 7561650452565348461

70 NotreDorf the Poker (level 4, -1/37 HPs)
             Began as a Merfolk Berserker on Aug 20, 2022.
             Was a Believer of Trog.
             Slain by Terence
             ... wielding a +0 hand axe
              (3 damage)
             ... on level 2 of the Dungeon.
             The game lasted 00:03:48 (1737 turns).

NotreDorf the Poker (Merfolk Berserker)             Turns: 1737, Time: 00:03:48

Health: -1/37      AC:  2    Str: 19    XL:     4   Next: 21%
Magic:  4/4        EV: 13    Int:  6    God:    Trog [**....]
Gold:   13         SH:  0    Dex: 13    Spells: 3/3 levels left

rFire   . . .      SeeInvis .   a - +0 spear
rCold   . . .      Faith    .   (no shield)
rNeg    . . .      Spirit   .   b - +0 animal skin
rPois   .          Reflect  .   (no helmet)
rElec   .          Harm     .   (no cloak)
rCorr   .          Rampage  .   (no gloves)
Will    .....                   (no boots)
Stlth   +.........              (no amulet)
HPRegen 0.12/turn               (no ring)
MPRegen 0.09/turn               (no ring)

@: no status effects
A: (nimble swimmer 2), mertail
a: Renounce Religion, Berserk, Trog's Hand


You were on level 2 of the Dungeon.
You worshipped Trog.
Trog was pleased with you.
You visited 1 branch of the dungeon, and saw 2 of its levels.

You collected 13 gold pieces.

Inventory:

Hand Weapons
 a - a +0 spear (weapon)
 h - a +2 dagger of freezing
Armour
 b - a +0 animal skin (worn)
Scrolls
 c - 4 scrolls of identify {unknown}
 d - a scroll of silence {unknown}
 f - a scroll of immolation {unknown}


   Skills:
 + Level 4.1 Fighting
 + Level 5.5 Polearms
 - Level 1.3 Armour
 + Level 3.9 Dodging


You had 3 spell levels left.
You didn't know any spells.
Your spell library was empty.

Dungeon Overview and Level Annotations

Branches:
Dungeon (2/15)

Altars:
Fedhas

Annotations:
D:2 Terence


Innate Abilities, Weirdness & Mutations

((You are very nimble when in or above water. (Stealth+, EV+, Speed+++)))
Your lower body shifts to a powerful aquatic tail in water.


Message History

Terence misses you.
You closely miss Terence.
Terence is severely wounded.
You hit Terence but do no damage.
Terence is severely wounded.
Terence misses you.
You closely miss Terence.
Terence is severely wounded.
Terence hits you with a +0 hand axe.
You hit Terence but do no damage.
Terence is severely wounded.
Terence hits you with a +0 hand axe.
You are too injured to fight recklessly!
You are too injured to fight recklessly!
You are too injured to fight recklessly!
Reach: a) +0 spear
Press: ? - help, Dir - move target, f - you, p - Terence That would be overly suicidal.
Okay, then.
Terence closely misses you. Terence misses you. Terence closely misses you.
Terence hits you with a +0 hand axe.
* * * LOW HITPOINT WARNING * * *
Terence barely misses you. Terence barely misses you.
Terence hits you with a +0 hand axe.
* * * LOW HITPOINT WARNING * * *
Terence closely misses you. Terence hits you with a +0 hand axe.
* * * LOW HITPOINT WARNING * * *
Terence misses you. Terence misses you.
You feel better. Terence hits you with a +0 hand axe.
* * * LOW HITPOINT WARNING * * *
Terence barely misses you. Terence hits you with a +0 hand axe.
* * * LOW HITPOINT WARNING * * *
Terence hits you with a +0 hand axe.
You die...

.###.# ###.#.## ### .....#
#...# ≈# .##### ###.# #≈#
.# ##'## ##≈≈## .# ##...##
#..≈≈.# .###
##.....####..≈≈≈.. ...##
##.......##....≈≈.#
....####.........#.≈≈.≈≈≈.
.......+........@@...≈.≈..
#...####.........##...≈≈.≈
##.## ##...<...## ...≈...
##### ##.....## ≈..≈≈..
#...# ##...## ...≈≈≈.
....# ##+## .≈.≈≈≈. #...#
#.# ...≈≈.≈ ##.##
####.#### .≈.≈≈.. #.#
#.......#


You could see Terence.

Vanquished Creatures
  An adder (D:2)
  2 worms (D:2)
  4 ball pythons (D:1)
  6 bats
  7 endoplasms
  A giant cockroach (D:2)
  A goblin (D:1)
  6 hobgoblins
  4 jackals (D:1)
  3 quokkas (D:1)
  3 frilled lizards (D:1)
  5 kobolds
  4 rats (D:1)
47 creatures vanquished.

Notes
Turn   | Place    | Note
-------+----------+-------------------------------------------
     0 | D:1      | NotreDorf the Merfolk Berserker began the quest for the
                  | Orb.
     0 | D:1      | Reached XP level 1. HP: 18/18 MP: 1/1
    93 | D:1      | Reached XP level 2. HP: 24/24 MP: 2/2
   110 | D:1      | Found a faded altar of an unknown god.
   279 | D:1      | Reached skill level 5 in Polearms
   379 | D:1      | Reached XP level 3. HP: 30/30 MP: 3/3
   411 | D:1      | Reached ** piety under Trog
  1220 | D:2      | Reached XP level 4. HP: 37/37 MP: 4/4
  1649 | D:2      | Found a blossoming altar of Fedhas.
  1702 | D:2      | Noticed Terence
  1731 | D:2      | HP: 1/37 [Terence/+0 hand axe (5)]
  1737 | D:2      | Slain by Terence

Illustrated notes

Levels and vault maps discovered:
D:1:      eino_arrival_tree_alley, layout_rooms,
          hellmonk_ecumenical_altar_pennies_from_heaven,
          ebering_dispersal_statue_hall, palyth_stone_intersect,
          grunt_decor_mini_mirrors
D:2:      layout_loops_corners, basic_altar, grunt_decor_junction,
          chequers_serial_rivers_small_3, uniq_terence, uniq_crazy_yiuf_cottage

Skill      XL: |  1  2  3 |
---------------+----------+-----
Dodging        | 3 |  3.9
Polearms       | 5 |  5.5
Fighting       | 4 |  4.1
Armour         | |  1.3

Action                   |  1- 3 |  4- 6 || total
-------------------------+-------+-------++-------
Melee: Spear             |   131 |    46 ||   177
       Punch             |     2 |       ||     2
       Tailslap          |     1 |       ||     1
  Use: Potion            |     1 |     2 ||     3
 Stab: Sleeping          |     1 |       ||     1
Armor: Animal skin       |    17 |     6 ||    23
Dodge: Dodged            |    60 |    24 ||    84
